 Dungeon Crawl Stone Soup version bcrawl-1.12-10-g10a67aac0f (webtiles) character file.

Game seed: 8841273390883568952

50 EnegeticOcto the Chopper (level 3, 0/30 HPs)
             Began as a Minotaur Sloth Apostle on June 13, 2019.
             Was a Follower of Cheibriados.
             Slain by an adder (3 damage)
             ... on level 3 of the Dungeon.
             The game lasted 00:01:07 (1697 turns).

EnegeticOcto the Chopper (Minotaur Sloth Apostle)   Turns: 1697, Time: 00:01:08

Health: 0/30       AC:  5    Str: 19    XL:     3   Next: 55%
Magic:  1/3        EV:  8    Int: 11    God:    Cheibriados [*.....]
Gold:   42         SH:  9    Dex: 11    Spells: 3/4 levels left

rFire    . . .     SeeInvis .   a - +0 hand axe
rCold    . . .     Gourm    .   c - +0 shield
rNeg     . . .     Faith    .   m - +0 ring mail
rPois    .         Spirit   .   (helmet restricted)
rElec    .         Reflect  .   (no cloak)
rCorr    .         Harm     .   (no gloves)
MR       .....                  (no boots)
Stlth    +.........             (no amulet)
HPRegen  0.10/turn              (no ring)
MPRegen  0.08/turn              (no ring)

@: lethally poisoned (0 -> -3), flying, very slow
A: retaliatory headbutt, horns 2
a: Bend Time, Renounce Religion


You were on level 3 of the Dungeon.
You worshipped Cheibriados.
Cheibriados was aware of your devotion.
You were not hungry.

You visited 1 branch of the dungeon, and saw 3 of its levels.

You collected 42 gold pieces.

Inventory:

Hand Weapons
 a - a +0 hand axe (weapon)
Armour
 c - a +0 shield (worn)
 m - a +0 ring mail (worn)
Wands
 d - a wand of paralysis (10)
Scrolls
 g - 2 scrolls of identify {unknown}
 h - 2 scrolls of remove curse {unknown}
 i - a scroll of teleportation {unknown}
 k - a scroll of immolation {unknown}
Comestibles
 e - 3 rations {!d}
 l - 4 chunks of flesh


   Skills:
 + Level 2.9 Fighting
 * Level 3.5 Axes
 + Level 1.2 Armour
 + Level 1.2 Dodging
 - Level 2.6 Stealth
 + Level 3.0 Shields
 - Level 1.0 Spellcasting
 - Level 0.5 Hexes
 - Level 0.8 Evocations


You had 3 spell levels left.
You knew the following spells:

 Your Spells              Type           Power        Failure   Level  Hunger
a - Slow                  Hex            #.......     91%         1    ##.....
Your spell library was empty.

Dungeon Overview and Level Annotations

Branches:
Dungeon (3/12)

Altars:
Nemelex Xobeh
Xom


Innate Abilities, Weirdness & Mutations

You reflexively headbutt those who attack you in melee.
You have a pair of horns on your head.


Message History

Things that are here:
a +0 short sword; 5 stones; a kobold corpse A kobold comes into view.
It is wielding a +2 dagger of venom.
A kobold is nearby!
A kobold is nearby!
A kobold is nearby!
The kobold throws a stone.
The stone barely misses you.
The kobold throws a stone.
You block the stone.
An adder comes into view.
The kobold hits you but does no damage.
You are poisoned.
Found a club.
You completely miss the kobold. Your headbutt misses the kobold.
You feel sick.
The adder hisses angrily.
You hear an angry hiss.
An adder comes into view.
An ooze comes into view.
The kobold hits you with a +2 dagger of venom.
You are more poisoned.
You hit the kobold but do no damage. You headbutt the kobold.
You kill the kobold!
Cheibriados appreciates the change of pace.
You feel sick.
You feel sick. The adder barely misses you. You block the adder's attack.
You see here a +2 dagger of venom.
You miss the adder.
You feel sick. You block the adder's attack.
You hit the adder.
The adder is lightly wounded.
You hit the ooze but do no damage.
You feel sick. The adder bites you.
You are more poisoned.
The adder poisons you! You block the ooze's attack.
You closely miss the adder. Your headbutt misses the adder.
The adder is lightly wounded.
You hit the ooze.
You feel sick. The adder bites you but does no damage.
The ooze hits you but does no damage. The adder bites you.
There are monsters nearby!
You slash the ooze!
You kill the ooze!
Cheibriados thoroughly appreciates the change of pace.
You hit the adder but do no damage.
You feel sick. The adder closely misses you. You block the adder's attack.
You are too injured to fight recklessly!
You are too injured to fight recklessly!
You are too injured to fight recklessly!
You are too injured to fight recklessly!
You are too injured to fight recklessly!
You are too injured to fight recklessly!
You are too injured to fight recklessly!
You are too injured to fight recklessly!
You are too injured to fight recklessly!
You are too injured to fight recklessly!
Okay, then.
You fail to use your ability.
You feel sick. The adder bites you. You block the adder's attack.
The adder misses you. You furiously retaliate!
You headbutt the adder! The flow of time bends around you.
Cheibriados rebukes the adder.
The adder seems to slow down.
Cheibriados rebukes the adder.
The adder seems to slow down.
You feel slightly more hungry. The adder bites you.
* * * LOW HITPOINT WARNING * * *
You are more poisoned.
The adder poisons you! You block the adder's attack.
* * * LOW HITPOINT WARNING * * *
You feel sick.
It was a potion of flight.
You feel very buoyant.
You fly up into the air.
* * * LOW HITPOINT WARNING * * *
You feel sick. The adder barely misses you.
It was a potion of curing.
You feel better. The adder bites you.
You are poisoned.
The adder poisons you! You block the adder's attack.
You feel sick.
You slash the adder!
You kill the adder!
Cheibriados appreciates the change of pace.
Your Shields skill increases to level 3!
You barely miss the adder. Your headbutt misses the adder. The adder bites you.
* * * LOW HITPOINT WARNING * * *
You hit the adder. Your headbutt misses the adder.
The adder is moderately wounded.
You feel sick. The adder bites you but does no damage.
You hit the adder but do no damage.
The adder is moderately wounded.
The adder bites you.
* * * LOW HITPOINT WARNING * * *
You are lethally poisoned!
The adder poisons you!
You hit the adder.
The adder is almost dead.
You block the adder's attack.
You closely miss the adder.
The adder is almost dead.
* * * LOW HITPOINT WARNING * * *
You feel sick.
The adder is no longer moving slowly.
The adder closely misses you.
You closely miss the adder. You headbutt the adder.
The adder is almost dead.
The adder bites you.
You die...

#.# ####.#####
..#.....#
##.#####.######
#... #......#
...# ######.#
#.. #.#
#..########.#
#..)S@......#
#...#########
#.... ##.### #.
.) #.# #.


You could see an adder.

Vanquished Creatures
  An adder (D:3)
  An ooze (D:3)
  A dart slug (D:2)
  A leopard gecko (D:2)
  A giant cockroach (D:1)
  2 goblins
  7 hobgoblins
  4 jackals (D:2)
  A quokka (D:2)
  A bat (D:2)
  6 kobolds
  4 rats
30 creatures vanquished.

Notes
Turn   | Place    | Note
-------+----------+-------------------------------------------
     0 | D:1      | EnegeticOcto the Minotaur Sloth Apostle began the quest for
                  | the Orb.
     0 | D:1      | Reached XP level 1. HP: 18/18 MP: 1/1
   296 | D:1      | Reached XP level 2. HP: 25/25 MP: 2/2
  1162 | D:2      | Found a sparkling altar of Nemelex Xobeh.
  1310 | D:2      | Reached skill level 1 in Armour
  1414 | D:2      | Found a shimmering altar of Xom.
  1543 | D:2      | Reached skill level 1 in Dodging
  1543 | D:2      | Reached XP level 3. HP: 30/30 MP: 3/3
  1617 | D:2      | Reached * piety under Cheibriados
  1697 | D:3      | Slain by an adder

Skill      XL: |  1  2  3 |
---------------+----------+-----
Axes           | 3 |  3.5
Armour         | 1 |  1.2
Dodging        | 1 |  1.2
Shields        | 3 |  3.0
Fighting       | |  2.9
Stealth        | |  2.6
Spellcasting   | |  1.0
Hexes          | |  0.5
Evocations     | |  0.8

Action                   || total
-------------------------++-------
Melee: Hand axe          ||    70
       Headbutt          ||    15
Invok: Bend Time         ||     1
  Use: Potion            ||     2
 Stab: Sleeping          ||     4
  Eat: Chunk             ||     3
Armor: Robe              ||    17
       Ring mail         ||     5
Dodge: Dodged            ||    23
Block: Shield            ||    40
